 Dungeon Crawl Stone Soup version 0.26-a0-712-ga5a9c9c9d0 (webtiles) character file.

Game seed: 12172479723190291650

6206 FrothyCoffee the Transmogrifier (level 10, 0/98 HPs)
             Began as a Naga Transmuter on Nov 10, 2020.
             Was a Believer of the Shining One.
             Hit by a boomerang thrown by an orc warrior (14 damage)
             ... on level 10 of the Dungeon.
             The game lasted 00:56:03 (18101 turns).

FrothyCoffee the Transmogrifier (Naga Transmuter)  Turns: 18101, Time: 00:56:04

Health: 0/98       AC:  2    Str: 13    XL:     10   Next: 92%
Magic:  12/17      EV: 19    Int: 17    God:    the Shining One [**....]
Gold:   488        SH:  5    Dex: 16    Spells: 4/19 levels left

rFire    + . .     SeeInvis +     - Unarmed
rCold    . . .     Faith    .   (shield currently unavailable)
rNeg     + . .     Spirit   .   (armour currently unavailable)
rPois    x         Reflect  +   (helmet currently unavailable)
rElec    +         Harm     .   (cloak currently unavailable)
rCorr    .         Rampage  .   (gloves currently unavailable)
MR       +....                  (no barding)
Stlth    +.........             w - amulet of Awe {Reflect rElec rF+ SH+5}
HPRegen  0.26/turn              (no ring)
MPRegen  0.15/turn              (no ring)

@: spider-form, wereblooded (expiring), glowing
A: tiny, see invisible, spit poison 1, AC +3
a: Spit Poison, End Transformation, Divine Shield, Renounce Religion


You were on level 10 of the Dungeon.
You worshipped the Shining One.
The Shining One was pleased with you.
You were a venomous arachnid creature.
You visited 2 branches of the dungeon, and saw 11 of its levels.

You collected 576 gold pieces.
You spent 52 gold pieces at shops.
You donated 36 gold pieces to Zin.

Inventory:

Hand Weapons
 a - a +1 shortbow
Missiles
 d - 286 stones (quivered)
 l - 4 silver javelins
 y - 68 arrows
 z - 11 boomerangs
 E - 25 poisoned darts
 F - 31 bolts
 M - 3 curare-tipped darts
Armour
 h - a +2 helmet (melded)
 n - a +0 pair of gloves
 o - a +0 cloak
 x - a +0 robe (melded)
 A - a +1 pair of gloves
Jewellery
 v - an uncursed ring of resist corrosion
 w - the amulet of Awe (around neck) {Reflect rElec rF+ SH+5}
   (You acquired it on level 7 of the Dungeon)

   [amulet of reflection]

   It shields you and reflects attacks.
   It protects you from fire.
   It insulates you from electricity.
   It affects your SH (+5).
 I - an uncursed ring of ice
Wands
 f - a wand of disintegration (13)
 r - a wand of digging (16)
 u - a wand of flame (8)
 C - a wand of enslavement (8)
 G - a wand of polymorph (4)
Scrolls
 c - 2 scrolls of amnesia {unknown}
 e - 2 scrolls of teleportation
 i - 3 scrolls of immolation
 s - a scroll of enchant weapon
 D - a scroll of silence {unknown}
 J - 2 scrolls of identify
 L - 2 scrolls of remove curse
Potions
 b - a potion of flight
 g - 2 potions of degeneration
 j - 3 potions of curing
 k - a potion of mutation
 m - a potion of stabbing
 p - a potion of invisibility
 q - a potion of lignification
 t - a potion of magic
 B - 2 potions of might
 H - a potion of heal wounds {unknown}
 K - a potion of haste {unknown}


   Skills:
 + Level 8.5 Fighting
 - Level 1.5 Dodging
 * Level 8.4 Unarmed Combat
 - Level 5.0 Spellcasting
 + Level 10.3 Transmutations


You had 4 spell levels left.
You knew the following spells:

 Your Spells              Type           Power        Failure   Level
a - Wereblood             Tmut           #####...     2%          2
b - Blade Hands           Tmut           #####.....   16%         5
c - Spider Form           Tmut/Pois      ###.......   14%         3
d - Beastly Appendage     Tmut           #####.       2%          1
e - Ice Form              Ice/Tmut       ###.....     36%         4

Your spell library contained the following spells:

 Spells                   Type           Power        Failure   Level
 Apportation              Tloc           #.....       32%         1
 Summon Small Mammal      Summ           #...         32%         1
 Call Imp                 Summ           #.......     43%         2
 Call Canine Familiar     Summ           #.......     61%         3
 Lesser Beckoning         Tloc           #.........   61%         3
 Summon Guardian Golem    Hex/Summ       #.......     61%         3
 Tukima's Dance           Hex            #.......     61%         3
 Summon Ice Beast         Ice/Summ       #.......     92%         4
 Summon Lightning Spire   Summ/Air       #.......     92%         4
 Alistair's Intoxication  Tmut/Pois      ###......    65%         5
 Invisibility             Hex            #.......     100%        6


Dungeon Overview and Level Annotations

Branches:
Dungeon (10/15)            Temple (1/1) D:6            Lair (0/6) D:10
    Orc (0/2) D:10

Altars:
Ashenzari
Cheibriados
Dithmenos
Elyvilon
Fedhas
Gozag
Hepliaklqana
Kikubaaqudgha
Makhleb
Nemelex Xobeh
Okawaru
Qazlal
Ru
Sif Muna
Trog
Uskayaw
Vehumet
Wu Jian
Xom
Yredelemnul
Zin
The Shining One

Shops:
D:6 (   D:7 *


Innate Abilities, Weirdness & Mutations

You cannot wear boots.
((Your serpentine skin is tough. (AC +3)))
You have supernaturally acute eyesight. (SInv)
((Armour fits poorly on your strangely shaped body.))
((Your system is resistant to poisons. (rPois)))
((You cover ground very slowly.))
You can spit poison.


Message History

The boomerang hits the orc warrior!
The weapon returns to the orc warrior!
You howl as the wereblood boils in your veins!
The bullfrog disappears!
Casting: Blade Hands (dangerous; 34% risk of failure)
Confirm with . or Enter, or press ? or * to list all spells.
Your hands revert to their normal proportions.
You turn into a venomous arachnid creature.
Your +2 helmet melds into your body.
Your +0 robe melds into your body.
You hiss as the wereblood boils in your veins!
Things that are here:
a +0 dagger; a +0 leather armour; an orc corpse The orc warrior throws a boomerang.
The boomerang closely misses you.
The weapon returns to the orc warrior!
The orc warrior throws a boomerang.
The boomerang hits you!!
* * * LOW HITPOINT WARNING * * *
The weapon returns to the orc warrior!
Your primal bloodlust is almost over.
You hiss as the wereblood boils in your veins!
The orc warrior throws a boomerang.
The boomerang hits you!
You die...

###...##########.#
##..# #..# #.## ##.#
#.# .. #.# ##.# #..#
##.# #s# #.# #.# #
#.### .## ##...# #..##
#....## #..##
########o....#
#.)###......).....#
##(.##.o####.####.....


You could see an orc warrior.

Vanquished Creatures
  A two-headed ogre (D:8)
  6 yaks (D:9)
  A water moccasin (D:9)
  3 orc warriors
  2 ice beasts
  A phantom (D:4)
  9 ogres
  5 sky beasts
  2 centaurs
  5 bullfrogs
  A wyvern zombie (D:10)
  4 scorpions
  12 wights
  A howler monkey (D:7)
  A crimson imp (D:2)
  Crazy Yiuf (D:4)
  6 orc priests
  6 hounds
  3 jellies
  3 bullfrog skeletons
  13 orc wizards
  A centaur skeleton (D:8)
  An iguana (D:9)
  5 worker ants
  Natasha (thrice) (D:4)
  A hound skeleton (D:5)
  9 adders
  3 gnolls (D:6)
  A shadow imp (D:8)
  A white imp (D:8)
  An ufetubus (D:9)
  An ooze (D:3)
  An adder zombie (D:9)
  An adder skeleton (D:6)
  3 worms
  A dart slug (D:2)
  4 leopard geckos
  39 orcs
  2 ball pythons (D:2)
  5 bats
  5 giant cockroaches
  4 goblins
  13 hobgoblins
  8 jackals
  12 kobolds
  2 quokkas
  7 frilled lizards
  A leopard gecko skeleton (D:5)
  A quokka zombie (D:6)
  12 rats
234 creatures vanquished.

Vanquished Creatures (others)
  Sonja (D:10)
1 creature vanquished.

Grand Total: 235 creatures vanquished

Notes
Turn   | Place    | Note
-------+----------+-------------------------------------------
     0 | D:1      | FrothyCoffee the Naga Transmuter began the quest for the
                  | Orb.
     0 | D:1      | Reached XP level 1. HP: 18/18 MP: 3/3
   173 | D:1      | Reached XP level 2. HP: 12/25 MP: 1/5
   645 | D:1      | Learned a level 2 spell: Wereblood
   688 | D:1      | Reached skill level 3 in Transmutations
   923 | D:1      | Reached XP level 3. HP: 32/32 MP: 6/6
  2179 | D:2      | Reached XP level 4. HP: 20/39 MP: 5/7
  2689 | D:2      | Found a burning altar of Makhleb.
  2746 | D:2      | Reached skill level 4 in Transmutations
  3357 | D:3      | Reached XP level 5. HP: 35/46 MP: 6/8
  3557 | D:3      | Found a blossoming altar of Fedhas.
  3828 | D:3      | Found a faded altar of an unknown god.
  4071 | D:4      | Found a sparkling altar of Nemelex Xobeh.
  4201 | D:4      | Noticed Natasha
  4206 | D:4      | Killed Natasha
  4966 | D:4      | Reached skill level 5 in Transmutations
  4966 | D:4      | Reached XP level 6. HP: 32/56 MP: 6/9
  4971 | D:4      | Learned a level 3 spell: Spider Form
  5112 | D:4      | You fall into a shaft and drop 2 floors!
  5287 | D:6      | Found Hahiblez's Antique Weapon Shop.
  5480 | D:5      | Entered Level 5 of the Dungeon
  5480 | D:5      | Noticed a phantom
  5851 | D:6      | Found a shadowy altar of Dithmenos.
  5906 | D:6      | Reached skill level 6 in Transmutations
  5906 | D:6      | Reached XP level 7. HP: 36/64 MP: 8/10
  6224 | D:5      | Found a shimmering altar of Xom.
  6224 | D:5      | Noticed an angel
  6226 | D:5      | Found a glowing silver altar of Zin.
  7589 | D:4      | Found a hide-covered altar of Uskayaw.
  7700 | D:4      | Found a runed translucent door.
  7701 | D:4      | Noticed Crazy Yiuf
  7718 | D:4      | Killed Crazy Yiuf
  7718 | D:4      | Reached skill level 7 in Transmutations
  7911 | D:4      | Noticed Natasha
  7921 | D:4      | Killed Natasha
  8405 | D:4      | Noticed Natasha
  8410 | D:4      | Killed Natasha
  8609 | D:4      | Reached skill level 5 in Fighting
  8609 | D:4      | Reached XP level 8. HP: 54/74 MP: 7/11
  9301 | D:5      | Reached skill level 8 in Transmutations
 10403 | D:5      | Learned a level 5 spell: Blade Hands
 10968 | D:5      | Became a worshipper of Zin the Law-Giver
 10968 | D:5      | Reached * piety under Zin
 11015 | D:5      | Fell from the grace of Zin
 11146 | D:6      | Reached skill level 9 in Transmutations
 11362 | D:6      | Reached XP level 9. HP: 76/85 MP: 3/12
 11643 | D:6      | Found a staircase to the Ecumenical Temple.
 11651 | Temple   | Entered the Ecumenical Temple
 11890 | Temple   | Became a worshipper of Elyvilon the Healer
 11992 | D:6      | Found a glowing golden altar of the Shining One.
 11999 | D:6      | Fell from the grace of Elyvilon
 11999 | D:6      | Became a worshipper of the Shining One
 12850 | D:6      | Found an iron altar of Okawaru.
 13461 | D:7      | Reached skill level 5 in Unarmed Combat
 13464 | D:7      | Reached * piety under the Shining One
 13524 | D:7      | Found Urruasch's Assorted Antiques.
 13542 | D:7      | Bought a scroll of identify for 52 gold pieces
 13569 | D:7      | Identified a scroll of acquirement
 13569 | D:7      | Acquired the amulet of Awe {Reflect rElec rF+ SH+5}
 15446 | D:8      | Found a broken altar of Ashenzari.
 15449 | D:8      | Noticed a two-headed ogre
 15916 | D:8      | Reached XP level 10. HP: 94/94 MP: 8/16
 16196 | D:8      | Killed a two-headed ogre
 16663 | D:9      | Reached skill level 10 in Transmutations
 16735 | D:9      | Reached ** piety under the Shining One
 16744 | D:9      | Reached skill level 5 in Spellcasting
 17080 | D:9      | Learned a level 4 spell: Ice Form
 17683 | D:10     | Entered Level 10 of the Dungeon
 17704 | D:10     | Noticed Sonja
 17715 | D:10     | Killed Sonja
 17804 | D:10     | Found a staircase to the Lair.
 17836 | D:10     | Found a staircase to the Orcish Mines.
 18025 | D:10     | Noticed a kobold demonologist
 18101 | D:10     | Hit by a boomerang thrown by an orc warrior

Illustrated notes

Levels and vault maps discovered:
D:1:      onia_arrival_mini_maze_b, layout_basic, minmay_crystal_water
D:2:      layout_loops_ring, makhleb_grotto_becter, dk_noncrumbling_2,
          skrybe_limestone_x, minmay_statues_item
D:3:      layout_rooms, fedhas_ov_isle_minmay, chequers_ecumenical_altar_lobes
D:4:      layout_basic, lemuel_crystal_altar, kennysheep_mini,
          uniq_crazy_yiuf_cottage, uniq_natasha
D:5:      layout_basic, grunt_temple_overflow_order_and_chaos_1
D:6:      wander_river, layout_basic, nicolae_tso_carved_into_rock,
          okawaru_metal_pillars_1_2, nicolae_dithmenos_shadow_blocks,
          minmay_temple_entry_glassed_door, serial_shops, kennysheep_mini_moat,
          hangedman_abyss_or_decor_slice
D:7:      layout_basic, serial_shops, shop, corexii_leaking_fountain
D:8:      layout_loops_cross, nicolae_ashenzari_panopticon
D:9:      layout_gridville, minmay_quadrilaterals
D:10:     cheibrodos_steamvent, layout_cave_pods, lair_entry_dummy, david_orc_2,
          gammafunk_ghost_necromancy, nicolae_benzene_ring, grunt_tough_drop,
          uniq_sonja
Temple:   hc_temple_tempest_star

Skill      XL: |  1  2  3  4  5  6  7  8  9 10 |
---------------+-------------------------------+-----
Transmutations | 3 4 5 6 7 9 10 | 10.3
Fighting       | 2 3 4 5 6 7 8 |  8.5
Unarmed Combat | 6 8 |  8.4
Spellcasting   | 4 5 |  5.0
Dodging        | |  1.5

Action                   |  1- 3 |  4- 6 |  7- 9 | 10-12 || total
-------------------------+-------+-------+-------+-------++-------
Melee: Unarmed           |    61 |   202 |   373 |   136 ||   772
       Headbutt          |     6 |    14 |       |       ||    20
       Punch             |       |     3 |     3 |     3 ||     9
Throw: Stone             |       |     3 |       |       ||     3
 Cast: Beastly Appendage |    12 |    25 |     1 |       ||    38
       Wereblood         |       |    10 |    57 |    22 ||    89
       Spider Form       |       |       |    26 |     2 ||    28
       Blade Hands       |       |       |    32 |    13 ||    45
Invok: Renounce Religion |       |       |     1 |       ||     1
 Abil: Spit Poison       |    34 |    39 |    31 |     4 ||   108
  Use: Scroll            |     2 |     5 |    16 |     1 ||    24
       Potion            |       |     1 |     1 |     1 ||     3
Armor: Robe              |    13 |    52 |    68 |    18 ||   151
       Skin              |       |       |     4 |       ||     4
Dodge: Dodged            |    35 |    99 |   221 |    68 ||   423
Block: Other             |       |       |    10 |    27 ||    37
       Reflection        |       |       |       |     6 ||     6

Table legend: (Time is in decaauts)
 A = Elapsed time spent in this place.
 B = Non-inter-level travel time spent in this place.
 C = Inter-level travel time spent in this place.
 D = Time resting spent in this place.
 E = Time spent auto-exploring this place.
 F = Levels seen in this place.
 G = Mean time per level.
                   A        B        C        D        E       F      G
               +--------+--------+--------+--------+--------+-----+--------+
         Total |  20561 |  19814 |    747 |   8900 |   6780 |  11 | 1869.2 |
       Dungeon |  20201 |  19507 |    694 |   8900 |   6488 |  10 | 2020.1 |
        Temple |    359 |    306 |     53 |      0 |    292 |   1 |  359.0 |
               +--------+--------+--------+--------+--------+-----+--------+

Top non-repeatable levels by time:
     D:4: 4700 daAuts
     D:8: 2943 daAuts
     D:6: 2741 daAuts
     D:2: 2041 daAuts
     D:5: 1858 daAuts
     D:1: 1758 daAuts
     D:9: 1347 daAuts
     D:3: 1279 daAuts
     D:7: 1142 daAuts
    D:10: 389 daAuts
  Temple: 359 daAuts
